 Dungeon Crawl Stone Soup version 0.31-a0-1074-g0b22e4e0f1 (webtiles) character file.

Game seed: 3793695790343966077

2130 IsekaiLord the Mimic (level 9, -3/72 HPs)
             Began as a Demonspawn Shapeshifter on Dec 4, 2023.
             Slain by a gnoll sergeant
             ... wielding a +0 spear of venom
              (7 damage)
             ... on level 6 of the Dungeon.
             The game lasted 00:20:47 (6394 turns).

IsekaiLord the Mimic (Demonspawn Shapeshifter)      Turns: 6394, Time: 00:20:48

Health: -3/72      AC:  3    Str: 18    XL:     9   Next: 8%
Magic:  9/9        EV: 12    Int: 11    God:
Gold:   606        SH:  4    Dex: 14    Spells: 8/8 levels left

rFire   . .          .
                       - Unarmed
rCold   . . .        C - orb {*Rage}
rNeg    . . .        a - +1 animal skin
rPois   .            (helmet currently unavailable)
rElec   .            (cloak currently unavailable)
rCorr   .            (gloves currently unavailable)
SInv    .            (boots unavailable)
Will    .....        p - amulet of the acrobat
Stlth   +            (no ring)
HPRegen 0.32/turn    (no ring)
MPRegen 0.11/turn

%: random rage (20%), acrobat
@: lethally poisoned (-3 -> -18), beast-form, on berserk cooldown, slowed, very
slow
A: beast (slay +4), hooves 3, foul stench 1, sturdy frame 1, condensation shield
a: Begin Untransformation


You were on level 6 of the Dungeon.
You were a hulking beast.
You visited 2 branches of the dungeon, and saw 7 of its levels.
You also visited: Ossuary.

You collected 606 gold pieces.

Inventory:

Hand Weapons
 e - a +0 club
 f - a +0 club
 j - a +0 club
 k - a +0 club
 l - a +0 club
 m - a +0 dagger
 q - a +0 whip
 r - a +0 dagger
 s - a +0 whip
 t - a +0 club
 w - a +0 short sword of venom
 x - a +4 short sword
 y - a +2 short sword of venom
 B - a +0 hand axe
 H - a +0 orcbow
 J - a +0 whip
 M - a +1 short sword of electrocution
 N - a +0 short sword
Missiles
 g - 32 stones (quivered)
Armour
 a - a +1 animal skin (worn)
 u - a +0 robe
 v - a +0 tower shield
 z - a +0 robe
 A - a +0 pair of boots
 C - an orb of wrath (worn)
Magical Staves
 o - a staff of fire
Jewellery
 p - an amulet of the acrobat (around neck)
 L - a ring of ice
Talismans
 c - a beast talisman
 d - a flux talisman
Scrolls
 i - 5 scrolls of teleportation
 n - a scroll of immolation
 D - a scroll of vulnerability
 E - a scroll of torment {unknown}
 F - a scroll of poison
 G - 2 scrolls of fear
 K - 3 scrolls of blinking
 S - a scroll of amnesia {unknown}
Potions
 b - a potion of lignification
 h - 2 potions of brilliance
 I - a potion of enlightenment
 O - a potion of haste
 P - a potion of attraction
 Q - a potion of ambrosia
 R - 2 potions of curing {unknown}


   Skills:
 + Level 7.2 Fighting
 - Level 8.0 Armour
 + Level 2.5 Dodging
 - Level 2.6 Unarmed Combat
 * Level 9.0 Shapeshifting


You had 8 spell levels left.
You didn't know any spells.
Your spell library contained the following spells:

 Spells                   Type           Power      Damage    Failure   Level
 Dazzling Flash           Conj/Hex       0%         N/A       71%         3
 Tukima's Dance           Hex            0%         N/A       71%         3
 Passage of Golubria      Tloc           0%         N/A       98%         4
 Agony                    Necr           0%         N/A       100%        5
 Silence                  Hex/Air        0%         N/A       100%        5
 Summon Forest            Summ/Tloc      0%         N/A       100%        5
 Summon Mana Viper        Hex/Summ       0%         N/A       100%        5
 Yara's Violent Unravell  Hex/Tmut       0%         3d3       100%        5
 Summon Cactus Giant      Summ           0%         N/A       100%        6


Dungeon Overview and Level Annotations

Branches:
Dungeon (6/15)             Temple (1/1) D:4         Ossuary (visited)

Altars:
Ashenzari
Cheibriados
Dithmenos
Fedhas
Gozag
Hepliaklqana
Kikubaaqudgha
Makhleb
Nemelex Xobeh
Okawaru
Qazlal
Ru
Sif Muna
Trog
Uskayaw
Vehumet
Wu Jian
Xom
Yredelemnul

Shops:
D:3 *   D:6 *

Annotations:
D:6 2 transporters, ShellytheWitch's ghost, novice KoBr


Innate Abilities, Weirdness & Mutations

You are a hulking beast.
Your limbs bulge with bestial killing power. (Slay +4)
You have hooves in place of feet.
You may rarely emit foul miasma when damaged in melee.
Your movements are slightly less encumbered by armour. (ER -2)
A meltable shield of frost defends you. (SH +4)


Message History

You are too injured to fight recklessly!
You are too injured to fight recklessly!
You are too injured to fight recklessly!
You are too injured to fight recklessly!
You pummel the gnoll!!
You kill the gnoll!
You feel sick.
You feel sick.
The gnoll sergeant hits you with a +0 spear of venom!
You are more poisoned.
Things that are here:
a +0 whip; a +0 halberd; a gnoll corpse You punch the gnoll sergeant!
You kick the gnoll sergeant.
The gnoll sergeant is heavily wounded.
You feel very sick.
You hit the gnoll sergeant.
The gnoll sergeant is heavily wounded.
You feel very sick.
The gnoll sergeant hits you with a +0 spear of venom.
* * * LOW HITPOINT WARNING * * *
You are lethally poisoned!
You hit the gnoll sergeant but do no damage.
You kick the gnoll sergeant!
The gnoll sergeant is almost dead.
* * * LOW HITPOINT WARNING * * *
You feel very sick. The gnoll sergeant barely misses you.
You completely miss the gnoll sergeant. Your kick misses the gnoll sergeant.
The gnoll sergeant is almost dead.
You are no longer berserk.
You are exhausted.
You feel yourself slow down.
* * * LOW HITPOINT WARNING * * *
You feel very sick.
You hit the gnoll sergeant. Your kick misses the gnoll sergeant.
The gnoll sergeant is almost dead.
* * * LOW HITPOINT WARNING * * *
You feel extremely sick.
The gnoll sergeant hits you with a +0 spear of venom!
You die...

.#.#####.......##
.#...........#..###
...†..........♣ ..♣ ##
.............♣♣♣.♣♣♣.#
..........##..♣...♣..#
..........#.♣...♣ ..♣
#+######...♣♣♣)♣♣♣.♣♣
#.#. ♣.))♣...♣
#..♣...♣)hg♣
.♣♣♣.♣♣♣.♣♣ #. ♣..
...♣ ...♣ ..♣... #..♣
♣.♣ ♣.♣♣ #.. .. .. ##
..♣ ♣.. ..♣ ♣.#


You could see a gnoll sergeant.

Vanquished Creatures
  Menkaure (D:4)
  2 ice beasts
  A black bear (D:5)
  A centaur (D:5)
  A gnoll sergeant (D:6)
  A howler monkey (D:4)
  A jelly (D:5)
  4 hounds
  2 orc priests
  2 sleepcaps (D:5)
  7 iguanas
  An orc wizard (D:5)
  8 mummies (Ossuary)
  10 gnolls
  11 adders
  2 ufetubi (D:6)
  A worm (D:3)
  A dart slug (D:2)
  7 orcs
  5 ball pythons
  10 endoplasms
  5 giant cockroaches
  14 goblins
  2 hobgoblins (D:3)
  6 quokkas
  7 bats
  5 frilled lizards
  3 gnoll zombies (Ossuary)
  3 hobgoblin zombies (Ossuary)
  7 kobolds
  2 orc zombies (Ossuary)
  8 rats
141 creatures vanquished.

Notes
Turn   | Place    | Note
-------+----------+-------------------------------------------
     0 | D:1      | IsekaiLord the Demonspawn Shapeshifter began the quest for
                  | the Orb.
     0 | D:1      | Reached XP level 1. HP: 15/15 MP: 1/1
   221 | D:1      | Gained mutation: Your movements are slightly less
                  | encumbered by armour. (ER -2) [demonic ancestry]
   221 | D:1      | Reached XP level 2. HP: 8/21 MP: 2/2
   291 | D:1      | Reached skill level 3 in Shapeshifting
   691 | D:1      | Reached skill level 1 in Armour
   719 | D:1      | Reached XP level 3. HP: 26/26 MP: 3/3
  1024 | D:2      | Reached XP level 4. HP: 32/33 MP: 4/4
  1933 | D:3      | Reached skill level 4 in Shapeshifting
  1933 | D:3      | Gained mutation: You have large cloven feet. [demonic
                  | ancestry]
  1933 | D:3      | Reached XP level 5. HP: 29/39 MP: 5/5
  2436 | D:3      | Found Gozag's Platinum Reserve.
  2436 | D:3      | Found an opulent altar of Gozag.
  2824 | D:4      | Found a staircase to the Ecumenical Temple.
  2861 | D:4      | Found a sand-covered staircase.
  2944 | D:4      | Noticed Menkaure
  2951 | D:4      | Killed Menkaure
  2952 | D:4      | Gained mutation: You have hoof-like feet. [demonic
                  | ancestry]
  2952 | D:4      | Reached XP level 6. HP: 47/47 MP: 6/6
  3001 | Ossuary  | Entered an ossuary
  3087 | Ossuary  | HP: 2/47 [mummy (19)]
  3668 | Ossuary  | Reached skill level 5 in Shapeshifting
  3976 | D:4      | Found a sparkling altar of Nemelex Xobeh.
  4277 | Temple   | Entered the Ecumenical Temple
  4385 | D:5      | Entered Level 5 of the Dungeon
  4407 | D:5      | Gained mutation: A meltable shield of frost defends you.
                  | (SH +4) [demonic ancestry]
  4407 | D:5      | Reached XP level 7. HP: 37/52 MP: 7/7
  4904 | D:4      | Reached skill level 8 in Shapeshifting
  4904 | D:4      | Gained mutation: You have hooves in place of feet. [demonic
                  | ancestry]
  4904 | D:4      | Reached XP level 8. HP: 65/65 MP: 8/8
  5456 | D:5      | Found an iron altar of Okawaru.
  5718 | D:6      | Noticed a queen bee
  5732 | D:6      | Noticed ShellytheWitch's ghost (novice KoBr)
  5742 | D:6      | Found a transporter.
  5747 | D:6      | Found a transporter.
  5930 | D:6      | Found Fitoesuf's General Store.
  6203 | D:6      | Reached skill level 9 in Shapeshifting
  6203 | D:6      | Gained mutation: You may rarely emit foul miasma when
                  | damaged in melee. [demonic ancestry]
  6203 | D:6      | Reached XP level 9. HP: 72/72 MP: 9/9
  6394 | D:6      | Slain by a gnoll sergeant

Illustrated notes

Levels and vault maps discovered:
D:1:      co_arrival_random_square_maze, layout_rooms
D:2:      layout_loops_ring
D:3:      layout_loops_cross, nicolae_gozag_zags_fifth_avenue,
          hangedman_feature_mirror, kennysheep_another_room,
          minmay_misc_feat_room, amcnicky_mini_rare_corridor_liquid,
          chequers_decorated_corner
D:4:      layout_loops_ring, nemelex_diamond_rough_becter,
          minmay_temple_entry_antechambers, nicolae_ossuary_entry_plus,
          uniq_menkaure
D:5:      layout_rooms, jmf_multi_god_temple
D:6:      layout_basic, gammafunk_ghost_hive, serial_shops, shop,
          minmay_misc_feat_nine_boxes, minmay_misc_feat_pillars,
          kennysheep_doodads, nicolae_tricolors
Temple:   nicolae_temple_no_exploring_needed

Skill      XL: |  1  2  3  4  5  6  7  8 |
---------------+-------------------------+-----
Shapeshifting  | 3 4 5 8 9 |  9.0
Armour         | 1 2 3 8 |  8.0
Fighting       | 2 3 6 7 |  7.2
Dodging        | 2 |  2.5
Unarmed Combat | |  2.6

Action                     |  1- 3 |  4- 6 |  7- 9 || total
---------------------------+-------+-------+-------++-------
  Melee: Unarmed           |   115 |   184 |   118 ||   417
         Punch             |     1 |     6 |       ||     7
         Kick              |       |    40 |    44 ||    84
    Use: Potion            |     3 |     3 |     7 ||    13
         Scroll            |       |     4 |     5 ||     9
   Stab: Sleeping          |     1 |     2 |       ||     3
         Distracted        |       |     1 |       ||     1
         Invisible         |       |     1 |       ||     1
 Armour: Animal skin       |    45 |    61 |    77 ||   183
         Skin              |       |     1 |       ||     1
  Dodge: Dodged            |    66 |   107 |   103 ||   276

Table legend: (Time is in decaauts)
 A = Elapsed time spent in this place.
 B = Non-inter-level travel time spent in this place.
 C = Inter-level travel time spent in this place.
 D = Time resting spent in this place.
 E = Time spent auto-exploring this place.
 F = Levels seen in this place.
 G = Mean time per level.
                   A        B        C        D        E       F      G
               +--------+--------+--------+--------+--------+-----+--------+
         Total |   6529 |   6140 |    389 |   1484 |   3614 |   8 |  816.1 |
       Dungeon |   5544 |   5221 |    323 |    844 |   3483 |   6 |  924.0 |
        Temple |     71 |      6 |     65 |      0 |      0 |   1 |   71.0 |
       Ossuary |    914 |    914 |      0 |    640 |    131 |   1 |  914.0 |
               +--------+--------+--------+--------+--------+-----+--------+

Top non-repeatable levels by time:
     D:4: 1258 daAuts
     D:2: 957 daAuts
 Ossuary: 914 daAuts
     D:3: 895 daAuts
     D:5: 872 daAuts
     D:1: 813 daAuts
     D:6: 745 daAuts
  Temple: 71 daAuts
